 Dungeon Crawl Stone Soup version 0.17.0-1-g61d176b (webtiles) character file.

239 septik the Chopper (level 5, 0/47 HPs)
             Began as a Minotaur Berserker on Nov 7, 2015.
             Was a Priest of Trog.
             Slain by Grinder (6 damage)
             ... on level 3 of the Dungeon.
             The game lasted 00:05:17 (2264 turns).

septik the Chopper (Minotaur Berserker)             Turns: 2264, Time: 00:05:17

Health: 0/47       AC:  5    Str: 22    XL:     5   Next: 79%
Magic:  4/4        EV: 13    Int:  4    God:    Trog [***...]
Gold:   65         SH:  0    Dex: 10    Spells: 0 memorised, 4 levels left

rFire  . . .     SeeInvis .     a - +0 hand axe
rCold  . . .     Clarity  .     e - +2 robe {MR+}
rNeg   . . .     SustAt   .     (no shield)
rPois  .         Gourm    .     (helmet restricted)
rElec  .         Spirit   .     A - +0 cloak
rCorr  .         Warding  .     (no gloves)
rMut   .         Stasis   .     (no boots)
MR     +++..                    (no amulet)
Stlth  +.........               (no ring)
                                (no ring)

@: exhausted, regenerating, slowed, very slow, extremely resistant to hostile
enchantments, very unstealthy
A: retaliatory headbutt, horns 2
a: Berserk, Trog's Hand, Burn Spellbooks, Renounce Religion


You were on level 3 of the Dungeon.
You worshipped Trog.
Trog was most pleased with you.
You were not hungry.

You visited 1 branch of the dungeon, and saw 3 of its levels.

You collected 65 gold pieces.

Inventory:

Hand Weapons
 a - a +0 hand axe (weapon)
Missiles
 l - 111 stones (quivered)
 q - 14 poisoned needles
Armour
 e - a +2 robe of magic resistance (worn)
 A - a +0 cloak (worn)
Wands
 v - a wand of confusion (33)
 w - a wand of polymorph (1)
 x - a wand of polymorph (8)
Scrolls
 i - 4 scrolls of amnesia {unknown}
 k - 2 scrolls of blinking {unknown}
 m - 4 scrolls of remove curse {unknown}
 o - a scroll of random uselessness {unknown}
 r - a scroll of magic mapping {unknown}
 y - a scroll of teleportation {unknown}
 z - a scroll of identify {unknown}
Potions
 b - a potion of poison {unknown}
 f - a potion of brilliance {unknown}
 j - 3 potions of curing {unknown}
 n - a potion of haste {unknown}
 s - a potion of cure mutation {unknown}
 u - a potion of might
Comestibles
 c - 3 bread rations
 d - 8 chunks of flesh
 h - 3 slices of pizza
 p - 2 meat rations
 t - a fruit


   Skills:
 + Level 4.5 Fighting
 * Level 5.8 Axes
 + Level 3.9 Armour
 + Level 3.6 Dodging


You had 4 spell levels left.
You didn't know any spells.

Dungeon Overview and Level Annotations

Branches:
Dungeon (3/15)

Altars:

Annotations:
D:3 Grinder


Innate Abilities, Weirdness & Mutations

You reflexively headbutt those who attack you in melee.
You have a pair of horns on your head.


Message History

This raw flesh tastes terrible.
You continue eating.
Grinder hits you!
You writhe in agony.
You continue eating.
Grinder says, "Just stop there for a second..."
Grinder closely misses you.
Grinder drinks a potion.
Grinder seems to grow stronger.
Your skin crawls.
You feel resistant to hostile enchantments.
You feel slightly more hungry. Grinder hits you.
You writhe in agony.
You hit Grinder.
Grinder is lightly wounded.
Grinder closely misses you. Grinder hits you!
You writhe in agony.
* * * LOW HITPOINT WARNING * * *
You barely miss Grinder. You headbutt Grinder.
Grinder is moderately wounded.
Grinder hits you!
* * * LOW HITPOINT WARNING * * *
You writhe in agony.
You die...

#.# ##+## #.# #.#
.# #.# #.# .# #.#
###.##### #.#
#...>.... #.#
#####.....##. #.#
#....†......=
#.####.###5#.####.
#......# #@# #
######## #.# #..
####


You could see Grinder.

Vanquished Creatures
  A hound (D:3)
  Crazy Yiuf (D:3)
  Ijyb (D:3)
  Jessica (D:3)
  6 adders
  An ooze (D:2)
  An adder skeleton (D:3)
  5 giant geckos
  An orc (D:3)
  8 bats
  2 giant cockroaches (D:1)
  9 goblins
  8 hobgoblins
  A quokka (D:3)
  A ball python (D:2)
  8 giant newts
  6 kobolds
  6 rats
67 creatures vanquished.

Notes
Turn   | Place    | Note
--------------------------------------------------------------
     0 | D:1      | septik the Minotaur Berserker began the quest for the Orb.
     0 | D:1      | Reached XP level 1. HP: 19/19 MP: 0/0
     2 | D:1      | Noticed a formicid
     2 | D:1      | Noticed an elf
     4 | D:1      | Noticed a spriggan
     4 | D:1      | Noticed a ghoul
     6 | D:1      | Noticed a vampire
     8 | D:1      | Noticed an octopode
     8 | D:1      | Noticed a centaur
    10 | D:1      | Noticed an ogre
    10 | D:1      | Noticed a demonspawn
    12 | D:1      | Noticed a dwarf
    12 | D:1      | Noticed a felid
    14 | D:1      | Noticed a tengu
    14 | D:1      | Noticed a naga
    16 | D:1      | Noticed a troll
    16 | D:1      | Noticed a gargoyle
    18 | D:1      | Noticed a draconian
    18 | D:1      | Noticed a minotaur
    20 | D:1      | Noticed a demigod
    22 | D:1      | Noticed a vine stalker
    24 | D:1      | Noticed a merfolk
    26 | D:1      | Noticed a human
   168 | D:1      | Reached skill level 4 in Axes
   202 | D:1      | Reached XP level 2. HP: 27/27 MP: 1/1
   503 | D:1      | Reached ** piety under Trog
   829 | D:2      | Reached XP level 3. HP: 29/33 MP: 2/2
  1069 | D:2      | Reached XP level 4. HP: 36/40 MP: 3/3
  1109 | D:2      | Reached skill level 5 in Axes
  1534 | D:3      | Reached *** piety under Trog
  1544 | D:3      | Noticed Ijyb
  1549 | D:3      | Killed Ijyb
  1658 | D:3      | Noticed Jessica
  1664 | D:3      | Killed Jessica
  1664 | D:3      | Reached XP level 5. HP: 44/46 MP: 4/4
  2156 | D:3      | Noticed Crazy Yiuf
  2159 | D:3      | Killed Crazy Yiuf
  2244 | D:3      | Noticed Grinder
  2264 | D:3      | Slain by Grinder

Action                   |  1- 3 |  4- 6 || total
-------------------------+-------+-------++-------
Melee: Hand axe          |    79 |    60 ||   139
Invok: Trog's Hand       |       |     3 ||     3
       Berserk           |       |     2 ||     2
  Eat: Chunk             |     1 |     6 ||     7
